 Dungeon Crawl Stone Soup version 0.20-a0-613-g92415a4 (webtiles) character file.

628 kae the Slasher (level 7, 0/63 HPs)
             Began as a Minotaur Fighter on Feb 8, 2017.
             Slain by an ogre
             ... wielding a +0 giant club
              (7 damage)
             ... on level 4 of the Dungeon.
             The game lasted 00:03:05 (4030 turns).

kae the Slasher (Minotaur Fighter)                  Turns: 4030, Time: 00:03:06

Health: 0/63       AC:  8    Str: 21    XL:     7   Next: 23%
Magic:  6/6        EV:  7    Int:  6    God:
Gold:   245        SH:  9    Dex: 10    Spells: 6/6 levels left

rFire    . . .     SeeInvis .   a - +1 long sword
rCold    . . .     Gourm    .   b - +0 scale mail
rNeg     . . .     Faith    .   c - +0 shield
rPois    .         Spirit   .   (helmet restricted)
rElec    .         Reflect  .   j - +0 cloak
rCorr    .         Harm     .   (no gloves)
MR       .....                  (no boots)
Stlth    ..........             (no amulet)
Regen    0.2/turn               (no ring)
                                (no ring)

@: no status effects
A: retaliatory headbutt, horns 2
a: no special abilities


You were on level 4 of the Dungeon.
You were not hungry.

You visited 1 branch of the dungeon, and saw 4 of its levels.

You collected 245 gold pieces.

Inventory:

Hand Weapons
 a - a +1 long sword (weapon)
Missiles
 s - 2 throwing nets (quivered)
Armour
 b - a +0 scale mail (worn)
 c - a +0 shield (worn)
 j - a +0 cloak (worn)
Jewellery
 m - a +4 ring of protection
 x - an uncursed ring of positive energy {unknown}
Scrolls
 h - a scroll of remove curse
 i - a scroll of magic mapping
 n - 2 scrolls of teleportation
 u - a scroll of amnesia
 v - a scroll of fear
Potions
 e - 3 potions of haste
 g - 2 potions of lignification
 l - a potion of curing {unknown}
 p - a potion of cancellation {unknown}
 r - a potion of magic {unknown}
 t - a potion of berserk rage {unknown}
 w - a potion of resistance {unknown}
 z - a potion of degeneration {unknown}
Comestibles
 d - a chunk of flesh
 f - a bread ration
 k - a royal jelly
 o - 7 fruits
 q - a meat ration


   Skills:
 + Level 6.0 Fighting
 * Level 6.9 Long Blades
 + Level 6.0 Armour
 - Level 3.6 Shields


You had 6 spell levels left.
You didn't know any spells.

Dungeon Overview and Level Annotations

Branches:
Dungeon (4/15)
 Temple: D:4-7

Altars:


Innate Abilities, Weirdness & Mutations

You reflexively headbutt those who attack you in melee.
You have a pair of horns on your head.


Message History

The ogre hits you with a giant club!!
Your shield prevents you from hitting the ogre.
The ogre is moderately wounded.
The ogre hits you with a giant club!
You are too injured to fight recklessly!
You are too injured to fight recklessly!
You are too injured to fight recklessly!
You are too injured to fight recklessly!
You are too injured to fight recklessly!
You barely miss the ogre.
The ogre is moderately wounded.
The ogre barely misses you.
You slash the ogre!
The ogre is heavily wounded.
The ogre hits you with a giant club!!
* * * LOW HITPOINT WARNING * * *
You hit the ogre but do no damage. You headbutt the ogre!
The ogre is almost dead.
The ogre hits you with a giant club!
You die...

....†........ .............
... #.###...###### ..# #.#
#...####.####..##### ...
#...........+%.#....
....#...........#..#....
#..##..##.##.### ..##..####
#..##..##.#######O.##..#<.#
# #........#..@...#.....# #
#........#......#.....# #.
+........#......#.....## #..
#..##'##.###..###.<)...#
#..##..##.######'####...####
..(......')............#
.........#.............#
###...#########+###...##
#..##...####.###..####'###


You could see an ogre.

Vanquished Creatures
  Edmund (D:4)
  Blork the orc (D:4)
  A scorpion (D:4)
  A hound (D:4)
  A bullfrog skeleton (D:4)
  3 iguanas (D:4)
  Natasha (thrice) (D:4)
  A worker ant (D:4)
  7 gnolls
  2 adders (D:4)
  2 oozes (D:2)
  A dart slug (D:4)
  A worm (D:3)
  3 leopard geckos
  4 orcs (D:3)
  2 ball pythons
  4 giant cockroaches
  2 goblins
  7 hobgoblins
  3 jackals (D:1)
  8 kobolds
  3 quokkas
  2 bats (D:1)
  A frilled lizard (D:1)
  7 rats
71 creatures vanquished.

Notes
Turn   | Place    | Note
-------+----------+-------------------------------------------
     0 | D:1      | kae the Minotaur Fighter began the quest for the Orb.
     0 | D:1      | Reached XP level 1. HP: 19/19 MP: 0/0
   159 | D:1      | Reached XP level 2. HP: 13/27 MP: 1/1
   876 | D:2      | HP: 2/40 [gnoll/spear (1)]
   880 | D:2      | Reached XP level 3. HP: 33/33 MP: 2/2
  1495 | D:2      | Found a faded altar of an unknown god.
  1714 | D:2      | Reached XP level 4. HP: 40/40 MP: 3/3
  2801 | D:4      | Noticed Blork the orc
  2807 | D:4      | Killed Blork the orc
  2807 | D:4      | Reached XP level 5. HP: 42/47 MP: 4/4
  2811 | D:4      | Reached skill level 5 in Long Blades
  2811 | D:4      | Reached skill level 5 in Armour
  2903 | D:4      | Noticed Natasha
  2907 | D:4      | Killed Natasha
  2907 | D:4      | Reached skill level 5 in Fighting
  2955 | D:4      | Reached XP level 6. HP: 21/56 MP: 5/5
  3455 | D:4      | Noticed Natasha
  3465 | D:4      | Killed Natasha
  3633 | D:4      | Noticed Natasha
  3643 | D:4      | Killed Natasha
  3804 | D:4      | Noticed Edmund
  3813 | D:4      | Killed Edmund
  3813 | D:4      | Reached XP level 7. HP: 47/63 MP: 6/6
  4030 | D:4      | Slain by an ogre

Vault maps used:
D:1:      mushboom_english_gardens
D:2:      chequers_ecumenical_altar_simple_redux
D:3:      kennysheep_pointless_box
D:4:      first_bread, uniq_edmund, uniq_natasha, uniq_blork_the_orc

Skill      XL: |  1  2  3  4  5  6 |
---------------+-------------------+-----
Armour         | 4 5 6 |  6.0
Long Blades    | 3 4 5 6 |  6.9
Fighting       | 4 5 6 |  6.0
Shields        | |  3.6

Action                   |  1- 3 |  4- 6 |  7- 9 || total
-------------------------+-------+-------+-------++-------
Melee: Long sword        |    70 |   132 |     5 ||   207
       Headbutt          |     6 |    19 |     1 ||    26
  Use: Potion            |     3 |     1 |       ||     4
       Scroll            |     5 |     3 |       ||     8
  Eat: Chunk             |     2 |     7 |     1 ||    10
Armor: Scale mail        |    25 |    40 |       ||    65
       Skin              |    16 |       |       ||    16
Dodge: Dodged            |    26 |    35 |     1 ||    62
Block: Shield            |    59 |    70 |       ||   129
       Rpst.: Long sword |     5 |     7 |       ||    12
